cohdb
Replays
Latest Replays
All Replays
Popular Replays
Top Player Replays
Match Explorer
How It Works
Community
CoH3 Stats
Reddit
Sign in to upload your games and track your stats! →
Sign in with Steam
Good game with few mistakes
Match 11938986
Overview
Messages
Build Orders
End
Panzergrenadier Squad
Panzerpioneer Squad
250 Light Carrier
Construct Light Support Kompanie
MG34 Team
MG34 Team
2.5-tonne Medical Truck
Panzerjäger Mechanized Group
Construct Mechanized Kompanie
8 Rad Armored Car
Marder III Tank Destroyer
MG34 Team
Combat Half-tracks
Selects Italian Combined Arms Battlegroup
Selects Semovente da 75/18 Assault Gun
Selects Carro Armato M13/40 Light Tank
Selects Pact of Steel
Carro Armato M13/40 Light Tank
Selects Bersaglieri Squad
Selects Vehicle Support - Secure Location
Selects Breda Model 30 Light Machine Guns
Carro Armato M13/40 Light Tank
Carro Armato M13/40 Light Tank
Esxile
Bulat
0
0
Comments
sign in to comment!
No comments posted yet!